 Dungeon Crawl Stone Soup version 0.22-a0-247-gbddf880 (webtiles) character file.

536632 JeffiDaFish the Metallomancer (level 25, -34/127 HPs)
             Began as a Gargoyle Earth Elementalist on Feb 24, 2018.
             Was the Champion of Vehumet.
             Annihilated by a titanic slime creature (80 damage)
             ... on level 6 of the Lair of Beasts on Feb 26, 2018.
             The game lasted 04:31:10 (69167 turns).

JeffiDaFish the Metallomancer (GrEE)               Turns: 69167, Time: 04:31:11

Health: -34/127    AC: 42    Str: 22    XL:     25   Next: 83%
Magic:  18/63      EV: 18    Int: 27    God:    Vehumet [******]
Gold:   4593       SH:  8    Dex: 12    Spells: 21/68 levels left

rFire    + + .     SeeInvis .   Q - +9 morningstar "Astreodi" {flame, rElec rPois rF+ Str+7}
rCold    . . .     Gourm    .   J - +3 buckler
rNeg     + + .     Faith    .   K - +2 robe {Archmagi}
rPois    ∞         Spirit   .   i - +2 hat
rElec    +         Reflect  .   o - +2 cloak {MR+}
rCorr    .         Harm     .   E - +2 pair of gloves
MR       ++...                  p - +2 pair of boots {run}
Stlth    +++.......             e - amulet of the Prince of Darkness {Acrobat rPois rN+ Stlth+}
HPRegen  0.31/turn              m - ring of Katokocy {+Blink MP+9 Slay+2}
MPRegen  0.38/turn              C - ring of Robustness {AC+8}

@: studying Long Blades, quick
A: antennae 1, big wings, agile 1, clever 1, fire resistance 1, frail 1, high mp
1, negative energy resistance 1, electricity resistance, wild magic 2,
unbreathing, petrification resistance, rot immunity, AC +19
}: 3/15 runes: decaying, silver, gossamer
a: Fly, Renounce Religion, Evoke Blink


You were on level 6 of the Lair of Beasts.
You worshipped Vehumet.
Vehumet was exalted by your worship.
You were very hungry.

You visited 10 branches of the dungeon, and saw 44 of its levels.
You also visited: Ossuary, Bailey, Ice Cave and Desolation.

You collected 8077 gold pieces.
You spent 3484 gold pieces at shops.

Inventory:

Hand Weapons
 n - a +6 morningstar of flaming
 z - the +5 dire flail of Accord {freeze, rElec Dex+4 Stlth+}
   (You found it in the Desolation of Salt)

   It has been specially enchanted to freeze those struck by it, causing extra
   injury to most foes and up to half again as much damage against particularly
   susceptible opponents.
   It can also slow down cold-blooded creatures.
   It affects your dexterity (+4).
   It insulates you from electricity.
   It makes you more stealthy.
 Q - the +9 morningstar "Astreodi" (weapon) {flame, rElec rPois rF+ Str+7}
   (You took it off a deep elf demonologist on level 3 of the Elven Halls)

   It has been specially enchanted to burn those struck by it, causing extra
   injury to most foes and up to half again as much damage against particularly
   susceptible opponents.
   It affects your strength (+7).
   It protects you from fire.
   It insulates you from electricity.
   It protects you from poison.
Missiles
 b - 949 stones (quivered)
Armour
 i - a +2 hat (worn)
 o - a +2 cloak of magic resistance (worn)
 p - a +2 pair of boots of running (worn)
 E - a +2 pair of gloves (worn)
 J - a +3 buckler (worn)
 K - a +2 robe of the Archmagi (worn)
 N - a scarf of resistance
Jewellery
 e - the amulet of the Prince of Darkness (around neck) {Acrobat rPois rN+ Stlth+}
   (You found it in the Desolation of Salt)

   [amulet of the acrobat]

   It helps you evade while moving and waiting.
   It protects you from poison.
   It protects you from negative energy.
   It makes you more stealthy.
 m - the ring of Katokocy (left hand) {+Blink MP+9 Slay+2}
   (You bought it in a shop on level 2 of the Orcish Mines)

   [ring of magical power]

   It affects your accuracy and damage with ranged weapons and melee attacks
   (+2).
   It affects your magic capacity (+9).
   It lets you blink.
 y - an uncursed ring of protection from cold
 C - the ring of Robustness (right hand) {AC+8}
   (You bought it in a shop on level 2 of the Orcish Mines)

   [ring of protection]

   It affects your AC (+8).
 R - an uncursed ring of protection from fire
 T - the ring "Ustozav" {+Inv +Fly rN+ MR- Int+6}
   (You took it off a deep elf sorcerer on level 3 of the Elven Halls)

   [ring of flight]

   It affects your intelligence (+6).
   It protects you from negative energy.
   It affects your resistance to hostile enchantments.
   It lets you turn invisible.
   It lets you fly.
 U - an uncursed ring of poison resistance {unknown}
 V - a +2 amulet of reflection
 W - an uncursed ring of magical power
Wands
 u - a wand of clouds (5)
 D - a wand of iceblast (31)
 S - a wand of enslavement (6)
Scrolls
 c - 4 scrolls of magic mapping
 f - 13 scrolls of identify
 h - 5 scrolls of fear
 k - 10 scrolls of teleportation
 l - 7 scrolls of fog
 q - 5 scrolls of amnesia
 A - 18 scrolls of remove curse
 O - 2 scrolls of summoning
 P - a scroll of brand weapon
 X - 2 scrolls of enchant armour
 Y - a scroll of holy word
Potions
 a - 6 potions of agility
 g - 3 potions of ambrosia
 r - 6 potions of mutation
 s - 14 potions of curing
 t - 10 potions of brilliance
 v - 2 potions of cancellation
 w - a potion of invisibility
 x - 2 potions of berserk rage
 B - 2 potions of haste
 G - 2 potions of heal wounds
 H - a potion of experience
 I - a potion of resistance
 L - 4 potions of might
 M - a potion of magic
Books
 j - a manual of Long Blades
Miscellaneous
 F - a phial of floods
Comestibles
 d - 58 rations


   Skills:
 - Level 10.2 Fighting
   Level 1.3 Short Blades
 - Level 9.0 Maces & Flails
 + Level 11.5 Dodging
 - Level 2.1 Stealth
 - Level 4.1 Shields
 * Level 22.4 Spellcasting
 + Level 19.2 Conjurations
   Level 0.7 Transmutations
 + Level 4.2 Fire Magic
 + Level 26.0 Earth Magic


You had 21 spell levels left.
You knew the following spells:

 Your Spells              Type           Power        Failure   Level  Hunger
a - Sandblast             Erth           ######       1%          1    None
b - Stone Arrow           Conj/Erth      ######       1%          3    None
c - Lee's Rapid Deconstr  Erth           #########.   1%          5    None
d - Force Lance           Conj/Tloc      ########     1%          4    None
e - Bolt of Magma         Conj/Fire/Erth ########..   1%          5    None
f - Swiftness             Chrm/Air       ######..     6%          2    None
g - Iron Shot             Conj/Erth      #########.   1%          6    None
h - Orb of Destruction    Conj           ########..   1%          7    ###....
i - Shatter               Erth           #########.   3%          9    ######.
j - Fireball              Conj/Fire      ########..   1%          5    None


Dungeon Overview and Level Annotations

Branches:
Dungeon (15/15)            Temple (1/1) D:6            Lair (6/6) D:9
  Swamp (4/4) Lair:4       Spider (4/4) Lair:2        Slime (1/5) Lair:6
    Orc (2/2) D:10            Elf (3/3) Orc:2        Vaults (5/5) D:14
  Crypt (0/3) Vaults:2     Depths (3/5) D:15

Altars:
Ashenzari
Cheibriados
Dithmenos
Elyvilon
Fedhas
Gozag
Hepliaklqana
Kikubaaqudgha
Makhleb
Nemelex Xobeh
Okawaru
Qazlal
Ru
Sif Muna
Trog
Uskayaw
Vehumet
Wu Jian
Xom
Yredelemnul
Zin
The Shining One
Jiyva

Shops:
D:4 ?   D:7 (   D:14 %   Orc:1 (   Orc:2 =[*=   Elf:1 %(   Elf:3 }}==
Vaults:1 }   Depths:1 ?

Portals:
Hell: Depths:1 Depths:2 Depths:3
Abyss: Depths:1
Pandemonium: Depths:3
Ziggurat: Depths:3

Annotations:
Lair:4 1 exclusion


Innate Abilities, Weirdness & Mutations

You are resistant to torment.
Your stone body is resilient. (AC +19)
You are immune to poison.
Your large and strong wings let you fly indefinitely.
You resist negative energy. (rN+)
You are resistant to electric shocks. (rElec)
You can survive without breathing.
You are immune to petrification.
You are immune to rotting.
You have a pair of small antennae on your head.
You are agile. (Dex +2)
Your mind is acute. (Int +2)
Your flesh is heat resistant. (rF+)
You are frail. (-10% HP)
You have an increased reservoir of magic. (+10% MP)
Your spells are harder to cast, but more powerful.


Message History

Vehumet accepts your kill.
You feel your power returning.
The blast of rock fragments hits the very large slime creature.
You kill the very large slime creature!
Vehumet accepts your kill.
You feel your power returning.
The large slime creature hits you but does no damage.
Casting: Lee's Rapid Deconstruction (safe; 1% risk of failure)
Confirm with . or Enter, or press ? or * to list all spells.
Aiming: Lee's Rapid Deconstruction (safe; 1% risk of failure)
Press: ? - help, Dir - move target cursor You feel a surge of power!
The door shatters!
The blast of rock fragments hits the titanic slime creature.
The titanic slime creature is almost dead.
The blast of rock fragments hits the large slime creature.
You kill the large slime creature!
Vehumet accepts your kill.
You feel your power returning. The titanic slime creature hits you!!!!
Ouch! That really hurt!
You die...

#≈≈##..................#
#≈≈.#.................##
#≈≈≈≈.................##
#≈≈≈≈≈.................#
#≈≈##≈.....#..##.......#
#≈≈##≈.....####.###..###
#≈≈≈≈.....#####.......#
#≈P≈≈.....#...#..#...#
#≈≈##≈....#>._.J@....##
#P≈##≈....#...#.......#
#≈≈≈≈≈....###.##.P....#
#≈≈≈≈≈.....#####.#....##
#≈≈#.......P##.........#
#≈≈##................###
#≈≈≈≈≈................#
#≈PP≈.................#
#≈≈..≈...............##


You could see a titanic slime creature.

Vanquished Creatures
  Mara (Vaults:4)
  the Lernaean hydra (Swamp:4)
  A golden dragon (Vaults:5)
  A profane servitor (Depths:1)
  A lich (Vaults:5)
  A Tzitzimitl (Depths:2)
  A tentacled monstrosity (Vaults:5)
  2 deep elf blademasters (Elf:3)
  6 titans
  2 quicksilver dragons (Vaults:4)
  2 deep elf master archers (Elf:3)
  An acid blob (Slime:1)
  3 sphinxes
  An ancient champion (Vaults:2)
  8 shadow dragons
  A tengu reaver (Vaults:5)
  2 storm dragons
  8 fire giants
  6 deep elf sorcerers
  Aizul (Spider:1)
  6 ghost moths
  5 frost giants
  2 imperial myrmidons (Desolation)
  8 deep elf elementalists
  6 emperor scorpions
  13 vault wardens
  A ghoul (Vaults:5)
  2 angels (Vaults:2)
  A ghost moth (shapeshifter) (Vaults:4)
  16 ironheart preservers
  6 entropy weavers
  7 very ugly things
  The ghost of COBRA the Severer, a journeyman MiFi of Okawaru (Orc:2)
  2 war gargoyles
  23 stone giants
  2 vampire knights
  9 deep elf demonologists
  2 halazid warlocks (Desolation)
  The ghost of oldriver the Thaumaturge, a journeyman DrFE of Vehumet (Orc:2)
  2 spark wasps (Spider:4)
  7 deep elf annihilators
  A dire elephant (shapeshifter) (Vaults:5)
  2 pearl dragon zombies (Depths:1)
  Snorg (Orc:1)
  8 ettins
  A fire dragon (Depths:1)
  8 deep elf death magi
  7 ragged hierophants (Desolation)
  14 yaktaur captains
  3 crystal guardians (Desolation)
  2 eidola (Depths:2)
  6 deep elf high priests
  7 great orbs of eyes
  7 rakshasas
  8 servants of whispers (Desolation)
  A juggernaut simulacrum (Depths:3)
  An ice dragon (Vaults:5)
  27 vault guards
  18 hydras
  A merfolk avatar (Lair:6)
  9 peacekeepers (Desolation)
  A catoblepas (D:15)
  10 centaur warriors
  Erica (D:10)
  4 deep troll shamans
  32 dancing weapons
  9 alligators
  A ghost crab (Swamp:4)
  5 death knights
  12 ogre magi
  A queen ant (Lair:1)
  The ghost of brevous the Whirler, a journeyman HaHu of Okawaru (D:8)
  30 two-headed ogres
  4 orc high priests (Orc:2)
  A vampire mage (Vaults:2)
  4 deep troll earth magi
  3 hell hogs (Depths:1)
  A tengu warrior (Depths:3)
  A soul eater (Depths:2)
  Urug (D:14)
  15 deep elf knights
  5 shadow wraiths
  Nergalle (D:10)
  2 fire crabs (shapeshifter) (Vaults:3)
  A large abomination (Vaults:4)
  A death drake (Depths:2)
  3 spriggan druids
  12 skeletal warriors
  A spectral minotaur (Depths:2)
  3 flayed ghosts
  3 unseen horrors
  2 spectral anacondas (Depths:2)
  6 glowing orange brains
  19 deep trolls
  14 swamp dragons
  2 shambling mangroves
  14 ironbrand convokers
  A lindwurm (shapeshifter) (Depths:3)
  13 deep elf archers
  2 wizards (Vaults:1)
  4 necromancers
  3 small abominations
  A shadow dragon zombie (Depths:3)
  3 orange crystal statues
  7 phantasmal warriors
  5 harpies
  17 orc knights
  51 deep elf magi
  An orb spider (shapeshifter) (Vaults:5)
  38 ugly things
  28 wolf spiders
  A frost giant zombie (Vaults:3)
  A shining eye (Slime:1)
  18 orb spiders
  5 orc sorcerers
  4 moths of wrath
  A cyclops (D:15)
  5 manticores
  A mana viper (Depths:2)
  11 elephants
  Joseph (D:10)
  An elephant (shapeshifter) (Vaults:5)
  Maurice (Orc:2)
  A stone giant skeleton (Vaults:3)
  2 ice statues (IceCv)
  4 apis skeletons (Depths:1)
  5 black mambas
  2 guardian serpents (Desolation)
  12 vault sentinels
  2 torpor snails
  3 guardian serpents (shapeshifter)
  A gargoyle (D:13)
  A molten gargoyle (Desolation)
  A storm dragon simulacrum (Vaults:3)
  3 centaur skeletons
  16 spiny frogs
  7 rime drakes
  3 kobold demonologists (D:15)
  2 rime drakes (shapeshifter)
  4 efreet
  3 freezing wraiths
  12 komodo dragons
  34 yaktaurs
  18 demonic crawlers
  An anaconda simulacrum (Depths:2)
  11 ice devils (IceCv)
  A spectral merfolk (Depths:2)
  A queen bee (shapeshifter) (Vaults:3)
  2 tengu conjurers (Depths:3)
  A meliai (shapeshifter) (Vaults:3)
  7 trolls
  29 jumping spiders
  4 polar bears
  3 wind drakes (Lair:6)
  2 hornets (shapeshifter)
  55 saltlings (Desolation)
  21 hornets
  35 slime creatures
  A tyrant leech (Swamp:2)
  2 raiju (Depths:2)
  A dream sheep (shapeshifter) (D:15)
  18 blink frogs
  A tengu simulacrum (Depths:3)
  5 bog bodies
  3 raiju (shapeshifter)
  A dream sheep (Lair:3)
  7 hippogriffs
  70 redbacks
  An air elemental (Elf:3)
  5 wyverns
  A vampire (Depths:2)
  A tarantella (shapeshifter) (Vaults:2)
  47 yaks
  6 water elementals
  28 tarantellas
  10 wraiths
  7 shadows
  8 spriggans
  5 fire elementals
  2 yaks (shapeshifter)
  2 golden eyes (shapeshifter)
  Grum (D:10)
  16 humans
  2 hungry ghosts
  3 basilisks
  Menkaure (D:7)
  A human simulacrum (Vaults:3)
  18 insubstantial wisps
  10 wargs
  A warg (shapeshifter) (Vaults:5)
  17 soldier ants
  22 swamp worms
  19 vampire mosquitoes
  3 acid dragons (Vaults:1)
  A hydra simulacrum (Depths:2)
  3 spectral spriggans (Depths:2)
  A floating eye (shapeshifter) (Depths:3)
  A spectral troll (Depths:2)
  5 hell hounds
  11 water moccasins
  6 porcupines
  3 ettin simulacra (Depths:3)
  12 swamp drakes
  2 floating eyes (Depths:2)
  45 orc warriors
  3 ice beasts
  3 sky beasts
  A black bear (shapeshifter) (D:13)
  A black bear (D:11)
  2 necrophages
  A phantom (D:11)
  31 ogres
  22 wolves
  2 eyes of draining
  18 centaurs
  13 boggarts
  20 crocodiles
  8 big kobolds
  17 bullfrogs
  A wyvern zombie (D:11)
  An ogre simulacrum (Vaults:1)
  5 earth elementals
  A merfolk simulacrum (Depths:2)
  A wyvern skeleton (D:10)
  4 scorpions
  3 spectral nagas (Depths:2)
  2 orc simulacra (Vaults:2)
  17 wights
  6 howler monkeys
  4 electric eels
  10 crimson imps
  A bullfrog zombie (D:12)
  5 centaur zombies
  6 spectral centaurs (Depths:2)
  4 quasits
  4 human zombies
  6 jellies
  34 orc priests
  5 hounds
  33 orc wizards
  Crazy Yiuf (D:4)
  A gnoll shaman (D:3)
  A bullfrog skeleton (D:12)
  39 worker ants
  6 iguanas
  6 hell rats (Lair:2)
  3 big kobold zombies (Ossuary)
  A hound zombie (D:7)
  A hound skeleton (D:6)
  3 mummies
  4 worker ant zombies
  6 gnolls
  6 adders
  A howler monkey skeleton (D:6)
  15 river rats (Lair:2)
  4 shadow imps
  18 white imps
  7 ufetubi (IceCv)
  5 oozes
  2 adder skeletons (D:6)
  An adder zombie (Ossuary)
  A worm (shapeshifter) (Elf:1)
  2 dart slugs
  2 worms
  4 leopard geckos
  96 orcs
  4 giant cockroaches
  14 goblins
  6 hobgoblins
  11 jackals
  8 quokkas
  A ball python (D:4)
  9 bats
  5 frilled lizards
  A goblin zombie (Ossuary)
  11 hobgoblin zombies (Ossuary)
  3 jackal zombies (Ossuary)
  29 kobolds
  5 kobold zombies (Ossuary)
  A leopard gecko zombie (D:5)
  8 orc zombies (Ossuary)
  13 rats
  A rat zombie (Ossuary)
  6 crawling corpses
  2 fungi (Lair:6)
  2 plants
2170 creatures vanquished.

Vanquished Creatures (collateral kills)
  Rupert (D:14)
  A salamander (shapeshifter) (Elf:2)
  A centaur (D:14)
  A wight (D:14)
  An orc wizard (D:14)
5 creatures vanquished.

Vanquished Creatures (others)
  A reaper (IceCv)
  Azrael (D:15)
  A hornet (Swamp:2)
  A hippogriff (shapeshifter) (D:15)
  A spriggan (Swamp:4)
  A hell hound (Depths:2)
  A wyvern skeleton (D:15)
  An orc priest (Orc:2)
  An orc wizard (Orc:2)
  A shadow imp (Depths:3)
  5 white imps (IceCv)
  3 ufetubi (IceCv)
  A crawling corpse (Elf:3)
  14 fungi
  24 plants
57 creatures vanquished.

Grand Total: 2232 creatures vanquished

Notes
Turn   | Place    | Note
-------+----------+-------------------------------------------
     0 | D:1      | JeffiDaFish the Gargoyle Earth Elementalist began the quest for the Orb.
     0 | D:1      | Reached XP level 1. HP: 10/10 MP: 3/3
   287 | D:1      | Reached XP level 2. HP: 15/15 MP: 0/5
   396 | D:1      | Reached skill level 4 in Earth Magic
   925 | D:2      | Reached XP level 3. HP: 19/19 MP: 0/6
  1185 | D:2      | Learned a level 3 spell: Stone Arrow
  1199 | D:2      | Found an ancient bone altar of Kikubaaqudgha.
  1227 | D:2      | Found a shadowy altar of Dithmenos.
  1230 | D:2      | Found a white marble altar of Elyvilon.
  1231 | D:2      | Found a glowing silver altar of Zin.
  1232 | D:2      | Found a hide-covered altar of Uskayaw.
  1232 | D:2      | Found a sparkling altar of Nemelex Xobeh.
  1232 | D:2      | Found a sacrificial altar of Ru.
  1233 | D:2      | Found a burning altar of Makhleb.
  1236 | D:2      | Reached XP level 4. HP: 23/24 MP: 6/8
  1551 | D:3      | Found a deep blue altar of Sif Muna.
  1771 | D:3      | Reached skill level 5 in Earth Magic
  2152 | D:3      | Gained mutation: Your movements are slightly less encumbered by armour. (ER -2) [potion of mutation]
  2152 | D:3      | Gained mutation: Your spells are a little easier to cast, but a little less powerful. [potion of mutation]
  2152 | D:3      | Gained mutation: Your muscles are strong. (Str +2) [potion of mutation]
  2235 | D:3      | Reached XP level 5. HP: 15/28 MP: 1/10
  2742 | D:4      | Reached skill level 6 in Earth Magic
  2742 | D:4      | Reached XP level 6. HP: 32/32 MP: 2/12
  2981 | D:4      | Found a runed door.
  2989 | D:4      | Got a faintly glowing dagger
  2990 | D:4      | Identified the +3 dagger "Owiejeuc" {pierce, rElec rPois rN+ Dex+3} (You found it on level 4 of the Dungeon)
  3001 | D:4      | Noticed Crazy Yiuf
  3009 | D:4      | Killed Crazy Yiuf
  3169 | D:4      | Found Damoi's Magic Scroll Boutique.
  3177 | D:4      | Bought a scroll of enchant armour for 82 gold pieces
  3241 | D:4      | Found a snail-covered altar of Cheibriados.
  3316 | D:5      | Entered Level 5 of the Dungeon
  3351 | D:5      | Noticed an ice beast
  3375 | D:4      | Killed an ice beast
  3375 | D:4      | Reached skill level 7 in Earth Magic
  3375 | D:4      | Reached XP level 7. HP: 36/36 MP: 0/14
  3576 | D:5      | Reached skill level 5 in Spellcasting
  3869 | D:5      | Identified the cursed +0 ring mail of Axusu {rN+} (You found it on level 5 of the Dungeon)
  4527 | D:6      | Learned a level 5 spell: Lee's Rapid Deconstruction
  4889 | D:6      | Reached skill level 8 in Earth Magic
  4908 | D:6      | Reached XP level 8. HP: 26/41 MP: 0/17
  5257 | D:6      | Noticed a yak
  5257 | D:6      | Noticed a yak
  5257 | D:6      | Noticed a yak
  5259 | D:6      | Noticed a yak
  5267 | D:6      | Killed a yak
  5267 | D:6      | Reached skill level 9 in Earth Magic
  5272 | D:6      | Killed a yak
  5289 | D:6      | Killed a yak
  5301 | D:6      | Killed a yak
  5564 | D:6      | Found a staircase to the Ecumenical Temple.
  5571 | D:6      | Reached skill level 10 in Earth Magic
  5571 | D:6      | Reached XP level 9. HP: 36/45 MP: 8/20
  5589 | Temple   | Entered the Ecumenical Temple
  5647 | Temple   | Became a worshipper of Vehumet
  5783 | D:6      | Noticed a two-headed ogre
  5788 | D:6      | Killed a two-headed ogre
  6378 | D:6      | Reached skill level 11 in Earth Magic
  6560 | D:7      | Found Akulepaf's Weapon Shop.
  6660 | D:7      | Noticed Menkaure
  6664 | D:7      | Killed Menkaure
  7120 | D:8      | Reached skill level 1 in Fighting
  7181 | D:8      | Reached skill level 1 in Short Blades
  7181 | D:8      | Reached XP level 10. HP: 54/54 MP: 6/22
  7233 | D:8      | Noticed brevous's ghost (journeyman HaHu)
  7319 | D:8      | Killed brevous's ghost
  7422 | D:8      | Reached * piety under Vehumet
  7422 | D:8      | Offered knowledge of Shock by Vehumet.
  7423 | D:8      | Found a sand-covered staircase.
  7432 | Ossuary  | Entered an ossuary
  7781 | Ossuary  | Offered knowledge of Freeze by Vehumet.
  7784 | Ossuary  | Reached ** piety under Vehumet
  8156 | D:8      | Identified the +4 ring mail of Absence {rC+} (You found it on level 8 of the Dungeon)
  8367 | D:9      | Reached skill level 12 in Earth Magic
  8760 | D:9      | Found a staircase to the Lair.
  8938 | D:9      | Offered knowledge of Searing Ray by Vehumet.
  9232 | Lair:1   | Entered Level 1 of the Lair of Beasts
  9251 | Lair:1   | Reached skill level 5 in Fighting
  9438 | Lair:1   | Noticed a black mamba
  9445 | Lair:1   | Reached skill level 10 in Spellcasting
  9451 | Lair:1   | Killed a black mamba
  9451 | Lair:1   | Reached XP level 11. HP: 32/64 MP: 13/25
 10027 | Lair:1   | Reached skill level 1 in Conjurations
 10543 | Lair:1   | Reached *** piety under Vehumet
 11691 | Lair:2   | Reached skill level 5 in Dodging
 11692 | Lair:2   | Reached skill level 13 in Earth Magic
 11699 | Lair:2   | Noticed a queen ant
 11702 | Lair:2   | Offered knowledge of Force Lance by Vehumet.
 11755 | Lair:1   | Killed a queen ant
 11844 | Lair:2   | Reached XP level 12. HP: 37/71 MP: 7/27
 12009 | Lair:2   | Learned a level 4 spell: Force Lance
 12035 | Lair:2   | Found a hole to the Spider Nest.
 12554 | Lair:2   | Reached **** piety under Vehumet
 12571 | Lair:2   | Noticed a seven-headed hydra
 12579 | Lair:2   | Killed a seven-headed hydra
 12579 | Lair:2   | Reached skill level 1 in Maces & Flails
 12580 | Lair:2   | Offered knowledge of Bolt of Magma by Vehumet.
 13070 | Lair:2   | Learned a level 5 spell: Bolt of Magma
 13411 | Lair:3   | Reached skill level 5 in Conjurations
 14838 | Lair:4   | Lost mutation: Your spells are a little easier to cast, but a little less powerful. [potion of mutation]
 14838 | Lair:4   | Lost mutation: Your movements are slightly less encumbered by armour. (ER -2) [potion of mutation]
 14838 | Lair:4   | Gained mutation: You evolve. [potion of mutation]
 14838 | Lair:4   | Gained mutation: You have a pair of small antennae on your head. [potion of mutation]
 14838 | Lair:4   | Gained mutation: Your large and strong wings let you fly indefinitely. [potion of mutation]
 14838 | Lair:4   | Gained mutation: You are agile. (Dex +2) [potion of mutation]
 14859 | Lair:4   | Found a staircase to the Swamp.
 14903 | Lair:4   | Reached XP level 13. HP: 51/76 MP: 17/29
 15083 | Lair:4   | Reached skill level 5 in Maces & Flails
 15572 | Lair:4   | Reached ***** piety under Vehumet
 15572 | Lair:4   | Offered knowledge of Poison Arrow by Vehumet.
 15798 | Lair:4   | Reached skill level 14 in Earth Magic
 16287 | Lair:4   | Gained mutation: You have an increased reservoir of magic. (+10% MP) [evolution]
 16500 | Lair:5   | Found a frozen archway.
 16540 | IceCv    | Entered an ice cave
 16644 | IceCv    | Killed a reaper
 19242 | Lair:5   | Learned a level 2 spell: Swiftness
 19498 | Lair:6   | Entered Level 6 of the Lair of Beasts
 20325 | Lair:5   | Mutation became permanent: Your large and strong wings let you fly indefinitely. [Gargoyle growth]
 20325 | Lair:5   | Gained mutation: Your large and strong wings let you fly indefinitely. [Gargoyle growth]
 20325 | Lair:5   | Reached XP level 14. HP: 55/82 MP: 16/34
 20871 | Lair:6   | Offered knowledge of Throw Icicle by Vehumet.
 21826 | Lair:6   | Identified a +1 pair of boots of running (You found it on level 6 of the Lair of Beasts)
 21930 | Lair:6   | Found a runed door.
 21930 | Lair:6   | Found a viscous altar of Jiyva.
 21932 | Lair:6   | Found a staircase to the Slime Pits.
 22361 | D:10     | Entered Level 10 of the Dungeon
 22432 | D:10     | Noticed Joseph
 22439 | D:10     | Killed Joseph
 22614 | D:10     | Noticed Erica
 22623 | D:10     | Killed Erica
 22662 | D:10     | Noticed Nergalle
 22667 | D:10     | Killed Nergalle
 22872 | D:10     | Noticed Grum
 22875 | D:10     | Killed Grum
 23007 | D:10     | Found a staircase to the Orcish Mines.
 24443 | D:12     | Found a bloodstained altar of Trog.
 24511 | D:12     | Identified a scroll of acquirement
 25477 | D:13     | Reached skill level 15 in Earth Magic
 25763 | D:13     | Gained mutation: Your mind is acute. (Int +2) [evolution]
 25779 | D:13     | Offered knowledge of Bolt of Draining by Vehumet.
 26746 | D:14     | Found a gate to the Vaults.
 26746 | D:14     | Noticed Rupert
 26746 | D:14     | Noticed Urug
 26750 | D:13     | Reached XP level 15. HP: 88/88 MP: 36/36
 27047 | D:14     | Killed Rupert
 27593 | D:14     | Killed Urug
 27855 | D:14     | Gained mutation: Your flesh is heat resistant. (rF+) [evolution]
 27871 | D:14     | Offered knowledge of Venom Bolt by Vehumet.
 27902 | D:14     | Found Mova's Food Emporium.
 28182 | D:15     | Entered Level 15 of the Dungeon
 28733 | D:15     | Noticed Azrael
 29039 | D:15     | Found an opulent altar of Gozag.
 29459 | D:15     | Killed Azrael
 29813 | D:15     | Reached skill level 10 in Conjurations
 29883 | D:15     | Found a staircase to the Depths.
 30057 | Orc:1    | Entered Level 1 of the Orcish Mines
 30068 | Orc:1    | Gained mutation: Your spells are a little harder to cast, but a little more powerful. [evolution]
 30085 | Orc:1    | Found a flagged portal.
 30106 | Bailey   | Entered a bailey
 30448 | Orc:1    | Found Veidif's Antique Weapon Shoppe.
 30507 | Orc:1    | Reached XP level 16. HP: 96/96 MP: 34/38
 30710 | Orc:2    | Entered Level 2 of the Orcish Mines
 30710 | Orc:2    | Noticed Maurice
 30949 | Orc:2    | Noticed COBRA's ghost (journeyman MiFi)
 31070 | Orc:2    | Reached ****** piety under Vehumet
 31070 | Orc:2    | Killed Maurice
 31076 | Orc:2    | Reached skill level 15 in Spellcasting
 31077 | Orc:2    | Noticed Snorg
 31421 | Orc:1    | Killed Snorg
 31863 | Orc:2    | Offered knowledge of Iron Shot by Vehumet.
 31871 | Orc:2    | Learned a level 6 spell: Iron Shot
 32186 | Orc:2    | Killed COBRA's ghost
 32186 | Orc:2    | Reached skill level 16 in Earth Magic
 32349 | Orc:2    | Found a staircase to the Elven Halls.
 32423 | Orc:2    | Noticed oldriver's ghost (journeyman DrFE)
 32435 | Orc:2    | Killed oldriver's ghost
 32599 | Orc:2    | Found Hoceuf's Armour Emporium.
 32599 | Orc:2    | Found Rearoud's Jewellery Emporium.
 32600 | Orc:2    | Found Ruutyju's Assorted Antiques.
 32659 | Orc:2    | Found Tullef's Jewellery Shoppe.
 32663 | Orc:2    | Bought the ring of Katokocy {+Blink MP+9 Slay+2} for 720 gold pieces
 32663 | Orc:2    | Bought the ring of Robustness {AC+8} for 2176 gold pieces
 32663 | Orc:2    | Found the ring of Robustness {AC+8}
 32962 | Elf:1    | Entered Level 1 of the Elven Halls
 33393 | Elf:1    | Reached skill level 10 in Fighting
 33854 | Elf:1    | Identified the +0 robe "Beesov" {Str+3} (You found it on level 1 of the Elven Halls)
 33902 | Elf:1    | Found Osilo's Food Shop.
 33908 | Elf:1    | Found Mempoa's Weapon Boutique.
 34287 | Elf:1    | Offered knowledge of Orb of Destruction by Vehumet.
 34305 | Elf:1    | Learned a level 7 spell: Orb of Destruction
 34675 | Elf:2    | Found a runed gate.
 34697 | Elf:2    | Found a runed gate.
 34719 | Elf:2    | Found a runed gate.
 35588 | Elf:2    | Reached XP level 17. HP: 100/102 MP: 37/40
 36097 | Elf:2    | Reached skill level 10 in Dodging
 37136 | Swamp:1  | Entered Level 1 of the Swamp
 37307 | Swamp:1  | Gained mutation: Your spells are harder to cast, but more powerful. [evolution]
 37307 | Swamp:1  | Lost mutation: You evolve. [end of evolution]
 38018 | Swamp:2  | Reached skill level 17 in Earth Magic
 38019 | Swamp:2  | Offered knowledge of Conjure Ball Lightning by Vehumet.
 40346 | Swamp:4  | Entered Level 4 of the Swamp
 40373 | Swamp:4  | Offered knowledge of Shatter by Vehumet.
 40373 | Swamp:4  | Offered knowledge of Tornado by Vehumet.
 40373 | Swamp:4  | Offered knowledge of Ignition by Vehumet.
 40390 | Swamp:4  | Learned a level 9 spell: Shatter
 40534 | Swamp:4  | Reached XP level 18. HP: 102/108 MP: 11/42
 40882 | Swamp:4  | Noticed the 27-headed Lernaean hydra
 41673 | Swamp:4  | Killed the 27-headed Lernaean hydra
 41673 | Swamp:4  | Reached skill level 1 in Shields
 41833 | Swamp:4  | Got a decaying rune of Zot
 42329 | Spider:1 | Entered Level 1 of the Spider Nest
 42614 | Depths:1 | Entered Level 1 of the Depths
 42614 | Depths:1 | Found the +5 scythe "Finisher" {speed, Str+3}
 42650 | Depths:1 | Identified the +1 ring mail of Rebeixto {rF+} (You found it on level 1 of the Depths)
 42880 | Depths:1 | Found Meucs's Magic Scroll Shop.
 42881 | Depths:1 | Found a gateway to Hell.
 42887 | Depths:1 | Reached skill level 18 in Earth Magic
 43050 | Depths:1 | Bought a scroll of teleportation for 66 gold pieces
 43050 | Depths:1 | Bought a scroll of brand weapon for 440 gold pieces
 43528 | Depths:1 | Found a basalt altar of Yredelemnul.
 43535 | Depths:1 | Noticed a profane servitor
 43544 | Depths:1 | Killed a profane servitor
 44030 | Depths:1 | Found a one-way gate to the infinite horrors of the Abyss.
 44526 | Elf:3    | Entered Level 3 of the Elven Halls
 44585 | Elf:3    | Found Ican's Jewellery Shoppe.
 44843 | Elf:3    | Found an ancient bone altar of Kikubaaqudgha.
 44883 | Elf:3    | Found Etepn's Jewellery Shop.
 44883 | Elf:3    | Found Kuici's Gadget Shoppe.
 44884 | Elf:3    | Found Ysiuk's Gadget Shoppe.
 45382 | Elf:3    | Noticed a Brimstone Fiend
 45382 | Elf:3    | Reached XP level 19. HP: 73/112 MP: 7/44
 45896 | Elf:3    | Got a jewelled morningstar {flame}
 45896 | Elf:3    | Got a colourful robe
 45901 | Elf:3    | Got a bloodstained flail {venom}
 46010 | Elf:3    | Identified the +9 morningstar "Astreodi" {flame, rElec rPois rF+ Str+7} (You took it off a deep elf demonologist on level 3 of the Elven Halls)
 46011 | Elf:3    | Identified the +2 flail of Linearity {venom, *Noise rF+ rC+} (You took it off a deep elf death mage on level 3 of the Elven Halls)
 46012 | Elf:3    | Identified the +2 robe "Urarchoa" {Dex+7 Slay-2 SInv} (You took it off a deep elf demonologist on level 3 of the Elven Halls)
 46059 | Elf:3    | Reached skill level 19 in Earth Magic
 46202 | Elf:3    | Noticed a Hell Sentinel
 46571 | Elf:3    | Identified the cursed +1 morningstar "Inuackum" {flame, rPois} (You took it off a deep elf annihilator on level 3 of the Elven Halls)
 46843 | Elf:3    | Got a scorched bronze ring
 46999 | Elf:3    | Identified the ring "Ustozav" {+Inv +Fly rN+ MR- Int+6} (You took it off a deep elf sorcerer on level 3 of the Elven Halls)
 47029 | Elf:3    | Identified the Catalogue of Stones and Companions
 47294 | Spider:1 | Reached skill level 15 in Conjurations
 48045 | Spider:1 | Noticed Aizul
 48051 | Spider:1 | Killed Aizul
 49169 | Spider:2 | Reached skill level 20 in Earth Magic
 50161 | Spider:2 | Reached XP level 20. HP: 113/117 MP: 46/46
 51549 | Spider:4 | Entered Level 4 of the Spider Nest
 54202 | Spider:4 | Got a gossamer rune of Zot
 54723 | Depths:2 | Reached skill level 21 in Earth Magic
 55639 | Depths:2 | Reached XP level 21. HP: 68/122 MP: 17/48
 56066 | Depths:2 | Paralysed by a floating eye for 2 turns
 56303 | Depths:2 | Identified the +1 leather armour of Bowomoe {rElec} (You found it on level 2 of the Depths)
 57511 | Depths:3 | Found a gateway to a ziggurat.
 57514 | Depths:3 | Reached skill level 22 in Earth Magic
 57823 | Depths:3 | Found a one-way gate leading to the halls of Pandemonium.
 58320 | Depths:3 | Found an iron altar of Okawaru.
 58821 | Vaults:1 | Entered Level 1 of the Vaults
 59763 | Vaults:1 | Found Zukokhlerr's Gadget Emporium.
 59893 | Vaults:2 | Reached skill level 23 in Earth Magic
 59893 | Vaults:2 | Reached XP level 22. HP: 84/128 MP: 50/50
 59950 | Vaults:2 | Reached XP level 23. HP: 91/132 MP: 47/51
 60210 | Vaults:2 | Identified the +9 broad axe "Lorru" {chop, Str+4} (You took it off a yaktaur on level 2 of the Vaults)
 60295 | Vaults:2 | Found a glowing golden altar of the Shining One.
 60295 | Vaults:2 | Found a glowing silver altar of Zin.
 60295 | Vaults:2 | Found a ruined gateway.
 60315 | Vaults:2 | Found a white marble altar of Elyvilon.
 60390 | Desolati | Entered the Desolation of Salt
 60491 | Desolati | Got a clouded graven amulet
 60492 | Desolati | Identified the amulet of the Prince of Darkness {Acrobat rPois rN+ Stlth+} (You found it in the Desolation of Salt)
 60515 | Desolati | Got a steaming bone ring
 60516 | Desolati | Identified the ring of Raefunex {+Blink +Fly SInv} (You found it in the Desolation of Salt)
 61035 | Desolati | Identified the Volume of Contamination and the Entourage
 61155 | Desolati | Identified the Papyrus of Excruciating Malediction
 61159 | Desolati | Identified the +5 dire flail of Accord {freeze, rElec Dex+4 Stlth+} (You found it in the Desolation of Salt)
 61185 | Desolati | Got a vibrating granite ring
 61186 | Desolati | Identified the ring of Nobility {rPois Int+3} (You found it in the Desolation of Salt)
 62166 | Vaults:2 | Reached skill level 24 in Earth Magic
 62342 | Vaults:2 | Found a staircase to the Crypt.
 63070 | Vaults:3 | Reached XP level 24. HP: 131/137 MP: 52/52
 65266 | Vaults:4 | Noticed Mara
 65441 | Vaults:4 | Killed Mara
 65850 | Vaults:5 | Entered Level 5 of the Vaults
 65851 | Vaults:5 | Reached skill level 25 in Earth Magic
 66190 | Vaults:4 | Reached XP level 25. HP: 53/142 MP: 53/53
 67035 | Vaults:5 | Reached skill level 1 in Fire Magic
 68305 | Vaults:5 | Got a silver rune of Zot
 69085 | Slime:1  | Entered Level 1 of the Pits of Slime
 69093 | Slime:1  | Reached skill level 26 in Earth Magic
 69093 | Slime:1  | Gained mutation: You are frail. (-10% HP) [a shining eye]
 69095 | Slime:1  | Lost mutation: Your muscles are strong. (Str +2) [a shining eye]
 69153 | Lair:6   | Learned a level 5 spell: Fireball
 69167 | Lair:6   | Annihilated by a titanic slime creature

Vault maps used:
D:1:      dpeg_arrival_shrine, minmay_misc_feat_four_crosses,
          minmay_misc_feat_columns
D:2:      grunt_temple_overflow_open
D:3:      lemuel_statue_altar
D:4:      serial_shops, shop, first_ration, hangedman_feature_mirror,
          chei_slow_surprise, uniq_crazy_yiuf_cottage
D:6:      minmay_temple_entry_nine_rooms, serial_co_window_serial,
          co_window_paths_a, co_window_corner_a, co_window_corner_a,
          co_window_of_opportunity_a, co_window_corner_a, co_window_paths_a,
          co_window_paths_b, co_window_2corner, co_window_corner_b,
          co_window_of_opportunity_b, co_window_paths_c, co_window_corner_b,
          co_window_paths_c, co_window_4corner_a, glass_columns_b,
          glass_columns_c, glass_columns_b
D:7:      serial_shops, shop, uniq_menkaure
D:8:      enter_ossuary_1, uniq_prince_ribbit1
D:9:      lair_entry_dummy, serial_glass, glass_columns_a, glass_columns_c
D:10:     orc_0_dummy, blue_anna_alchemist, uniq_nergalle, uniq_erica,
          uniq_joseph, uniq_grum
D:11:     hangedman_decor_riveting, hangedman_abyss_or_decor_clamps,
          hangedman_abyss_or_decor_passed, wad_rectangle_vault
D:12:     minivault_25, basic_loot_grate_trap, bloody_trog
D:14:     david_vaults_3, serial_shops, kennysheep_little_box, kb_rosetta
D:15:     gammafunk_enter_depths_forms, minmay_misc_feat_rugged,
          grunt_gozag_breadcrumbs, uniq_azrael
Temple:   eino_temple_water
Lair:2:   lemuel_ratsnest, nicolae_spider_entry_orb_guardian, zaba_anthell
Lair:3:   hangedman_lair_generics_rect
Lair:4:   swamp_mist_pool, columned_hall_lemuel
Lair:5:   portal_ice_cave_entry_imps, minivault_25, grunt_forest_stairs_basic,
          serial_bayou_lake_a
Lair:6:   gammafunk_lair_ancient_temple, slime_altar_2
Swamp:1:  hangedman_swamp_ruin_wall, swamp_pool4
Swamp:2:  evilmike_swamp_ruin_house_5, swamp_pool1, nicolae_swamp_treefoil,
          st_swamp_mini
Swamp:3:  nicolae_swamp_feature_on_the_river_bank
Swamp:4:  swamp_old_school, swamp_pool1
Spider:1: nicolae_spider_circle_web, uniq_aizul
Spider:3: hive_lemuel
Spider:4: spider_rune_water
Orc:1:    serial_shops, shop_fountains, enter_bailey_3
Orc:2:    st_orc_mages, uniq_maurice, uniq_snorg
Elf:1:    elf_arrival_002, minivault_28, minmay_shoptagon
Elf:3:    grunt_elf_hall_asides, basic_altar, serial_shops,
          nicolae_shop_behind_doors, minmay_shop_grove
Vaults:1: vaults_room_grid, vaults_standard_mumra_lines, v_misc_15,
          v_alt_pattern_6, nicolae_vaults_bisected_exclaves, v_alt_pattern_2,
          nicolae_vaults_mini_display_case, vaults_dpeg_ring,
          nicolae_vaults_network_barrier, vaults_dpeg_cross, v_alt_pattern_3,
          st_squares, vaults_dpeg_diagonal, vaults_room_mumra_shop_pool,
          hangedman_vaults_corner_blocks, serial_shops, shop
Vaults:2: v_misc_11, minmay_crypt_entry_simple_round,
          nicolae_vaults_border_crossing, nicolae_vaults_back_hallway,
          nicolae_vaults_network_star, nicolae_vaults_rhombus_5,
          ontoclasm_vaults_loading_screen, nicolae_vaults_shelves_hall,
          nicolae_vaults_big_ls, v_misc_29, v_alt_pattern_5,
          vaults_room_hallway, portal_desolation_entry_holy_temple
Vaults:3: hangedman_vaults_stagger, v_misc_16, vaults_mumra_hexcomb, st_lattice,
          grunt_vaults_hallway_short, hangedman_vaults_stitches, serial_ice_h,
          hangedman_vaults_nails, nicolae_vaults_rhombus_5
Vaults:4: nicolae_vaults_asterisk, hangedman_vaults_capsules,
          vaults_room_door_hall, ontoclasm_vaults_spin, hangedman_vaults_corner,
          v_pattern_4, ontoclasm_vaults_chip, uniq_mara
Vaults:5: serial_shops
Depths:1: nicolae_two_hexagons, hell_entry, serial_shops, shop, abyss_entry,
          minivault_15, hex_tiny, hangedman_blasphemy
Depths:2: lemuel_river_lethe, hell_entry
Depths:3: hangedman_elemental_death_ray, enter_ziggurat_b,
          okawaru_ov_weapons_minmay, pan_entry, hangedman_tar_grid_catacomb
Ossuary:  ossuary_tomb_1
Bailey:   bailey_axe_1, bailey
IceCv:    ice_cave_small_demon

Skill      XL: |  1  2  3  4  5  6  7  8  9 10 11 12 13 14 15 16 17 18 19 20 21 22 23 24 25 |
---------------+----------------------------------------------------------------------------+-----
Earth Magic    | 4 5 6 7 8 10 11 12 13 14 15 16 17 18 20 21 23 24 25 26 | 26.0
Spellcasting   | 3 4 6 7 8 10 11 12 13 14 15 16 17 18 19 20 21 22 | 22.4
Fighting       | 2 5 6 7 9 10 | 10.2
Short Blades   | 1 |  1.3
Dodging        | 4 5 6 7 8 9 10 11 | 11.5
Conjurations   | 3 5 7 8 10 11 13 14 15 16 17 18 19 | 19.2
Maces & Flails | 4 7 9 |  9.0
Shields        | 4 |  4.1
Fire Magic     | 4 |  4.2
Stealth        | |  2.1
Transmutations | |  0.7

Action                   |  1- 3 |  4- 6 |  7- 9 | 10-12 | 13-15 | 16-18 | 19-21 | 22-24 | 25-27 || total
-------------------------+-------+-------+-------+-------+-------+-------+-------+-------+-------++-------
Melee: Unarmed           |     4 |       |       |       |       |       |       |       |       ||     4
       Dagger            |    64 |    60 |     9 |       |       |       |       |       |       ||   133
       Flail             |       |    22 |       |       |       |       |       |       |       ||    22
       Mace              |       |       |   105 |   534 |   363 |       |       |       |       ||  1002
       Morningstar       |       |       |       |       |   483 |   579 |   495 |   369 |    61 ||  1987
 Cast: Sandblast         |    29 |    30 |    53 |   139 |    84 |    64 |    71 |    13 |     2 ||   485
       Stone Arrow       |       |    18 |    37 |   155 |   173 |   113 |   138 |    33 |     7 ||   674
       Lee's Rapid Decon |       |       |     7 |    49 |    97 |    68 |    64 |    42 |     5 ||   332
       Bolt of Magma     |       |       |       |     8 |   152 |   148 |   113 |   107 |    12 ||   540
       Force Lance       |       |       |       |       |     8 |    10 |     5 |       |       ||    23
       Swiftness         |       |       |       |       |     1 |     3 |     4 |       |       ||     8
       Iron Shot         |       |       |       |       |       |    75 |   111 |    47 |    24 ||   257
       Orb of Destructio |       |       |       |       |       |    47 |   142 |    70 |    40 ||   299
       Shatter           |       |       |       |       |       |       |       |     7 |    14 ||    21
 Abil: Fly               |       |       |       |     1 |     1 |       |       |       |       ||     2
       Stop Flying       |       |       |       |       |     1 |       |       |       |     1 ||     2
       Evoke Blink       |       |       |       |       |       |       |       |       |     1 ||     1
Evoke: Wand              |       |       |       |       |     4 |     1 |     1 |       |       ||     6
       Phial of floods   |       |       |       |       |     2 |       |       |       |       ||     2
  Use: Scroll            |     5 |     5 |     6 |     8 |    24 |    15 |    19 |    12 |     1 ||    95
       Potion            |     3 |     4 |     4 |     5 |     5 |     4 |     5 |       |     1 ||    31
 Stab: Sleeping          |     3 |     2 |     1 |     1 |     3 |       |     2 |     3 |       ||    15
       Distracted        |       |       |     1 |     2 |     2 |       |       |       |       ||     5
  Eat: Chunk             |     1 |     9 |    14 |    30 |    55 |    48 |    52 |    28 |     5 ||   242
       Ration            |       |       |       |     2 |     5 |     8 |    10 |     2 |     3 ||    30
Armor: Robe              |    39 |    41 |    65 |   424 |   682 |   516 |   522 |   211 |    90 ||  2590
       Skin              |       |       |     2 |       |       |       |       |       |       ||     2
Dodge: Dodged            |    60 |    63 |    99 |   564 |  1110 |   761 |   740 |   363 |    94 ||  3854
Block: Buckler           |       |       |       |       |       |    48 |   265 |   171 |    44 ||   528

Table legend:
 A = Spawn XP
 B = Non-spawn XP
 C = Spawn XP percentage of total XP
 D = Spawn monster count
 E = Non-spawn monster count
 F = Spawn count percentage of total count
 G = Total turns spent on level
                    A         B        C        D         E        F      G
               +---------+---------+-------+---------+---------+-------+---------
         Total |       0 |  970332 |   0.0 |       0 |    2170 |   0.0 | 69167
               +---------+---------+-------+---------+---------+-------+---------
           D:1 |       0 |      17 |   0.0 |       0 |      13 |   0.0 |   864
           D:2 |       0 |      70 |   0.0 |       0 |      22 |   0.0 |   482
           D:3 |       0 |      87 |   0.0 |       0 |      16 |   0.0 |  1018
           D:4 |       0 |     432 |   0.0 |       0 |      16 |   0.0 |  1171
           D:5 |       0 |     271 |   0.0 |       0 |      10 |   0.0 |   902
           D:6 |       0 |    2580 |   0.0 |       0 |      30 |   0.0 |  1998
           D:7 |       0 |     749 |   0.0 |       0 |      11 |   0.0 |   601
           D:8 |       0 |    1944 |   0.0 |       0 |      21 |   0.0 |   759
           D:9 |       0 |    1382 |   0.0 |       0 |      25 |   0.0 |  1010
          D:10 |       0 |    4917 |   0.0 |       0 |      49 |   0.0 |  1076
          D:11 |       0 |    3539 |   0.0 |       0 |      30 |   0.0 |  1071
          D:12 |       0 |    4539 |   0.0 |       0 |      32 |   0.0 |  1188
          D:13 |       0 |    7072 |   0.0 |       0 |      37 |   0.0 |  1396
          D:14 |       0 |   21222 |   0.0 |       0 |      70 |   0.0 |  1717
          D:15 |       0 |   17591 |   0.0 |       0 |      53 |   0.0 |  1768
        Lair:1 |       0 |    6966 |   0.0 |       0 |      29 |   0.0 |  2120
        Lair:2 |       0 |    9813 |   0.0 |       0 |      98 |   0.0 |  2643
        Lair:3 |       0 |    7485 |   0.0 |       0 |      37 |   0.0 |  1570
        Lair:4 |       0 |   10344 |   0.0 |       0 |      31 |   0.0 |  1926
        Lair:5 |       0 |    7793 |   0.0 |       0 |      36 |   0.0 |  2119
        Lair:6 |       0 |   14278 |   0.0 |       0 |      45 |   0.0 |  1796
       Swamp:1 |       0 |    2978 |   0.0 |       0 |      11 |   0.0 |   692
       Swamp:2 |       0 |   14084 |   0.0 |       0 |      50 |   0.0 |  1490
       Swamp:3 |       0 |   15002 |   0.0 |       0 |      37 |   0.0 |  1310
       Swamp:4 |       0 |   31580 |   0.0 |       0 |      59 |   0.0 |  1633
      Spider:1 |       0 |   22896 |   0.0 |       0 |      65 |   0.0 |  2009
      Spider:2 |       0 |   18332 |   0.0 |       0 |      41 |   0.0 |  1068
      Spider:3 |       0 |    6015 |   0.0 |       0 |      17 |   0.0 |  1163
      Spider:4 |       0 |   46481 |   0.0 |       0 |      91 |   0.0 |  2937
       Slime:1 |       0 |    5090 |   0.0 |       0 |      10 |   0.0 |    17
         Orc:1 |       0 |    5929 |   0.0 |       0 |      39 |   0.0 |  1819
         Orc:2 |       0 |   12803 |   0.0 |       0 |      70 |   0.0 |   976
         Elf:1 |       0 |   22952 |   0.0 |       0 |      39 |   0.0 |  1765
         Elf:2 |       0 |   35826 |   0.0 |       0 |      47 |   0.0 |  2291
         Elf:3 |       0 |   62737 |   0.0 |       0 |      53 |   0.0 |  2620
      Vaults:1 |       0 |   28962 |   0.0 |       0 |      57 |   0.0 |  1030
      Vaults:2 |       0 |   65780 |   0.0 |       0 |      90 |   0.0 |  1969
      Vaults:3 |       0 |   40743 |   0.0 |       0 |      75 |   0.0 |  1569
      Vaults:4 |       0 |   82583 |   0.0 |       0 |      93 |   0.0 |  3291
      Vaults:5 |       0 |  139857 |   0.0 |       0 |     127 |   0.0 |  1222
      Depths:1 |       0 |   28512 |   0.0 |       0 |      37 |   0.0 |  2042
      Depths:2 |       0 |   65944 |   0.0 |       0 |     117 |   0.0 |  1963
      Depths:3 |       0 |   36141 |   0.0 |       0 |      48 |   0.0 |  1781
       Ossuary |       0 |     284 |   0.0 |       0 |      38 |   0.0 |   475
        Bailey |       0 |    1183 |   0.0 |       0 |      32 |   0.0 |   176
         IceCv |       0 |    4733 |   0.0 |       0 |      26 |   0.0 |  1605
    Desolation |       0 |   49814 |   0.0 |       0 |      90 |   0.0 |   984
               +---------+---------+-------+---------+---------+-------+---------
